 Dungeon Crawl Stone Soup version 0.31-a0-1549-g5ff9445e89 (webtiles) character file.

Game seed: 6166230657490642333

84 osuadh the Changeling (level 4, -5/32 HPs)
             Began as a Merfolk Shapeshifter on Jan 3, 2024.
             Slain by a gnoll
             ... wielding a +0 flail
              (12 damage)
             ... on level 1 of the Dungeon.
             The game lasted 00:01:52 (1526 turns).

osuadh the Changeling (Merfolk Shapeshifter)        Turns: 1526, Time: 00:01:52

Health: -5/32      AC:  2    Str: 14    XL:     4   Next: 46%
Magic:  4/4        EV: 12    Int: 11    God:
Gold:   58         SH:  0    Dex: 13    Spells: 3/3 levels left

rFire   . .          .
                       - Unarmed
rCold   . . .        (no shield)
rNeg    . . .        a - +0 animal skin
rPois   .            (helmet currently unavailable)
rElec   .            (cloak currently unavailable)
rCorr   .            (gloves currently unavailable)
SInv    .            (boots currently unavailable)
Will    .....        (no amulet)
Stlth   +            (no ring)
HPRegen 0.25/turn    (no ring)
MPRegen 0.09/turn

%: no passive effects
@: beast-form
A: beast (slay +3), (nimble swimmer 2), mertail
a: Begin Untransformation


You were on level 1 of the Dungeon.
You were a hulking beast.
You visited 1 branch of the dungeon, and saw 2 of its levels.

You collected 58 gold pieces.

Inventory:

Missiles
 k - 3 poisoned darts (quivered)
Armour
 a - a +0 animal skin (worn)
Jewellery
 e - a ring of ice
Talismans
 c - a beast talisman (active)
 d - a flux talisman
Scrolls
 f - 4 scrolls of fog {unknown}
 h - a scroll of teleportation {unknown}
 i - a scroll of enchant armour {unknown}
 j - 4 scrolls of identify {unknown}
 m - a scroll of blinking {unknown}
 n - a scroll of revelation {unknown}
Potions
 b - a potion of lignification
 g - a potion of curing {unknown}
 l - 2 potions of enlightenment {unknown}


   Skills:
 - Level 1.1 Fighting
 - Level 2.6 Dodging
 - Level 3.2 Unarmed Combat
 + Level 6.4 Shapeshifting


You had 3 spell levels left.
You didn't know any spells.
Your spell library contained the following spells:

 Spells                   Type           Power      Damage    Failure   Level
 Stone Arrow              Conj/Erth      0%         3d7       71%         3
 Animate Armour           Summ/Erth      0%         N/A       98%         4
 Lehudib's Crystal Spear  Conj/Erth      0%         10d2      100%        8


Dungeon Overview and Level Annotations

Branches:
Dungeon (2/15)

Altars:


Innate Abilities, Weirdness & Mutations

You are a hulking beast.
Your limbs bulge with bestial killing power. (Slay +3)
((You are very nimble when in or above water. (Stealth+, EV+, Speed+++)))
Your lower body shifts to a powerful aquatic tail in water.


Message History

The gnoll hits you with a +0 spear.
The gnoll hits you from afar with a +0 halberd!
The gnoll barely misses you. The gnoll attacks as it pursues you!
The gnoll closely misses you. The gnoll barely misses you.
The gnoll enters a dispersal trap!
The gnoll blinks! x2; You blink.
The gnoll blinks!
You enter a dispersal trap!
The gnoll blinks! x2; You blink.
Found 4 stones.
Found 4 poisoned darts.
You see here 4 stones.
You see here a +0 spear.
You see here a +0 mace.
You see here a +0 mace.
You see here a +0 dagger.
There is a stone staircase leading up here.
Throw: 5 darts (poison)
Press: ? - help, Q - select action Shift-Dir - straight line, f - gnoll
Aim: a gnoll, wielding a +0 flail (63% to hit)
You throw a poisoned dart. The poisoned dart hits the gnoll.
The gnoll is poisoned.
Throw: 4 darts (poison)
Press: ? - help, Q - select action Shift-Dir - straight line, f/p - gnoll
Aim: a gnoll, wielding a +0 flail (poisoned, 63% to hit)
You throw a poisoned dart. The poisoned dart hits the gnoll.
The gnoll completely misses you.
The gnoll hits you from afar with a +0 spear.
You climb upwards.
There is a stone staircase leading down here.
You barely miss the gnoll. The gnoll misses you.
You barely miss the gnoll. The gnoll hits you with a +0 flail!
You barely miss the gnoll. The gnoll hits you with a +0 flail!
* * * LOW HITPOINT WARNING * * *
You closely miss the gnoll. You punch the gnoll.
The gnoll is moderately wounded.
The gnoll hits you with a +0 flail.
* * * LOW HITPOINT WARNING * * *
The gnoll looks more healthy.
The gnoll attacks as it pursues you! The gnoll hits you with a +0 flail!
You die...

.#...#.#..#.## #.#
.......#..######.##
.####..#..........# .#
#.....######..############### .#
#............................
.########.######.##>#############
..........# #.##.# ##### ##
#########.# #.##.# #...# ##. #
#.# ##h##.####.#.# #.. # #.#
##.#g.......#)# ##. # #.#
#.###..####.#.# ## # #.#
#.......###.#.# # #
#.####.#.....#.#.#.# # #
#......[)(....#..#.###### #
######.......###.#....... #
#........###.####### #
#.#.###.###.########


You could see a gnoll.

Vanquished Creatures
  Jessica (D:2)
  A gnoll (D:2)
  An adder (D:2)
  2 ribbon worms (D:2)
  5 ball pythons
  4 endoplasms
  5 goblins
  4 hobgoblins
  A quokka (D:1)
  A bat (D:1)
  6 frilled lizards
  3 kobolds
  A rat (D:1)
35 creatures vanquished.

Notes
Turn   | Place    | Note
-------+----------+-------------------------------------------
     0 | D:1      | osuadh the Merfolk Shapeshifter began the quest for the
                  | Orb.
     0 | D:1      | Reached XP level 1. HP: 15/15 MP: 1/1
   169 | D:1      | Reached XP level 2. HP: 21/21 MP: 2/2
   245 | D:1      | Reached skill level 5 in Shapeshifting
   553 | D:1      | Reached XP level 3. HP: 22/26 MP: 3/3
   888 | D:2      | Noticed Jessica
   893 | D:2      | Killed Jessica
  1030 | D:2      | Reached skill level 6 in Shapeshifting
  1030 | D:2      | Reached XP level 4. HP: 32/32 MP: 4/4
  1526 | D:1      | Slain by a gnoll

Illustrated notes

Levels and vault maps discovered:
D:1:      sevenhm_arrival_forest_fort_large_2, layout_loops_ring, st_stairs_9,
          minmay_tromino_mix6
D:2:      layout_loops_ring, ebering_dispersal_statue_hall,
          hangedman_decor_points, uniq_jessica

Skill      XL: |  1  2  3 |
---------------+----------+-----
Shapeshifting  | 5 6 |  6.4
Fighting       | |  1.1
Dodging        | |  2.6
Unarmed Combat | |  3.2

Action                     |  1- 3 |  4- 6 || total
---------------------------+-------+-------++-------
  Melee: Unarmed           |    61 |    42 ||   103
         Punch             |     1 |     1 ||     2
  Throw: Dart              |       |     2 ||     2
   Stab: Sleeping          |     2 |       ||     2
 Armour: Animal skin       |    22 |    18 ||    40
  Dodge: Dodged            |    27 |    30 ||    57
   Form: Beast             |     1 |       ||     1

Table legend: (Time is in decaauts)
 A = Elapsed time spent in this place.
 B = Non-inter-level travel time spent in this place.
 C = Inter-level travel time spent in this place.
 D = Time resting spent in this place.
 E = Time spent auto-exploring this place.
 F = Levels seen in this place.
 G = Mean time per level.
                   A        B        C        D        E       F      G
               +--------+--------+--------+--------+--------+-----+--------+
         Total |   1520 |   1456 |     64 |      6 |   1139 |   2 |  760.0 |
       Dungeon |   1520 |   1456 |     64 |      6 |   1139 |   2 |  760.0 |
               +--------+--------+--------+--------+--------+-----+--------+

Top non-repeatable levels by time:
     D:1: 868 daAuts
     D:2: 652 daAuts
